 Dungeon Crawl Stone Soup version 0.18.1-48-g4cf74bf (webtiles) character file.

76 JustSomeDude the Insei (level 4, 0/35 HPs)
             Began as a Demonspawn Monk on July 23, 2016.
             Slain by a gnoll
             ... wielding a +0 spear of piercing
              (2 damage)
             ... on level 2 of the Dungeon.
             The game lasted 00:07:48 (1659 turns).

JustSomeDude the Insei (Demonspawn Monk)            Turns: 1659, Time: 00:07:49

Health: 0/35       AC:  7    Str: 18    XL:     4   Next: 12%
Magic:  4/4        EV: 10    Int: 11    God:
Gold:   26         SH:  3    Dex: 15    Spells: 0 memorised, 3 levels left

rFire  . . .     SeeInvis .       - Unarmed
rCold  . . .     Gourm    .     i - +1 scale mail
rNeg   . . .     Faith    .     j - +0 buckler
rPois  .         Spirit   .     (no helmet)
rElec  .         Dismiss  .     (no cloak)
rCorr  .         Reflect  .     (no gloves)
SustAt .         Harm     .     (no boots)
MR     .....                    (no amulet)
Stlth  +.........               (no ring)
                                (no ring)

@: mighty, not resistant to hostile enchantments, very unstealthy
A: claws 1, talons 1
a: no special abilities


You were on level 2 of the Dungeon.
You were not hungry.

You visited 1 branch of the dungeon, and saw 2 of its levels.

You collected 26 gold pieces.

Inventory:

Armour
 f - a +0 chain mail
 i - a +1 scale mail (worn)
 j - a +0 buckler (worn)
Scrolls
 c - a scroll of enchant armour
 d - a scroll of identify {unknown}
 g - 2 scrolls of remove curse
 k - a scroll of fog {unknown}
 m - 2 scrolls of magic mapping {unknown}
 o - a scroll of recharging {unknown}
Potions
 h - a potion of lignification {unknown}
 n - a potion of curing {unknown}
Comestibles
 a - a meat ration
 b - 3 bread rations
 l - 3 chunks of flesh


   Skills:
 + Level 3.1 Fighting
 + Level 0.5 Armour
 + Level 3.4 Dodging
 + Level 2.0 Stealth
 + Level 4.3 Unarmed Combat


You had 3 spell levels left.
You didn't know any spells.

Dungeon Overview and Level Annotations

Branches:
Dungeon (2/15)

Altars:
Pakellas
The Shining One


Innate Abilities, Weirdness & Mutations

You have sharp fingernails.
You have sharp toenails.


Message History

The gnoll closely misses you.
You scratch the gnoll.
The gnoll is almost dead.
The gnoll hits you but does no damage.
The gnoll hits you from afar with a spear of piercing!
You scratch the gnoll but do no damage. You claw the gnoll, but do no damage.
The gnoll is almost dead.
The gnoll hits you with a halberd.
* * * LOW HITPOINT WARNING * * *
The gnoll barely misses you.
Drink which item? (? for menu, Esc to quit)
You feel very mighty all of a sudden. The gnoll barely misses you. x2
You claw the gnoll!
You kill the gnoll!
You have reached level 4!
You feel stronger.
The gnoll hits you from afar with a spear of piercing!
* * * LOW HITPOINT WARNING * * *
You die...

#....g.####.b.......#.#
#................####.#
#.....#.###.......g.#.#
#.....#.g##.....###.g.#
#.....##.##)......###.#
########.##.....#..##.###
#.)....#.....##.....>#####
####.####.##########..#g.##..
##....###..g)@..# ##.##g#..#
####..#..#...#####....# #......b.
#....#.#.....# ###.# #.##..###
....#...#....# ....##...##
...#.._..#..## ###.#####..
..#.......#..# #######.# ##.
g###########.######.##....# #..
..............##.[..##.##.## #..
.##.........#....#..##.#...####..


You could see a gnoll.

Vanquished Creatures
  2 gnolls (D:2)
  An adder (D:2)
  A worm (D:2)
  A dart slug (D:1)
  2 giant geckos (D:1)
  A ball python (D:1)
  3 giant cockroaches
  6 goblins
  4 hobgoblins
  4 jackals (D:1)
  2 kobolds (D:2)
  6 bats
  2 giant newts (D:1)
  4 rats
39 creatures vanquished.

Notes
Turn   | Place    | Note
--------------------------------------------------------------
     0 | D:1      | JustSomeDude the Demonspawn Monk began the quest for the Orb.
     0 | D:1      | Reached XP level 1. HP: 18/18 MP: 1/1
    61 | D:1      | Gained mutation: You have sharp toenails. [demonic ancestry]
    61 | D:1      | Reached XP level 2. HP: 4/24 MP: 2/2
   500 | D:1      | Reached skill level 4 in Unarmed Combat
   883 | D:1      | You fall through a shaft!
   893 | D:2      | Found an oddly glowing altar of Pakellas.
   918 | D:2      | Gained mutation: You have sharp fingernails. [demonic ancestry]
   918 | D:2      | Reached XP level 3. HP: 25/29 MP: 3/3
   958 | D:2      | Found a glowing golden altar of the Shining One.
  1659 | D:2      | Reached XP level 4. HP: 10/35 MP: 4/4
  1659 | D:2      | Slain by a gnoll

Skill      XL: |  1  2  3 |
---------------+----------+-----
Unarmed Combat | 4 |  4.3
Dodging        | 3 |  3.4
Stealth        | 2 |  2.0
Fighting       | |  3.1
Armour         | |  0.5

Action                   |  1- 3 |  4- 6 || total
-------------------------+-------+-------++-------
Melee: Unarmed           |   142 |       ||   142
       Punch             |     3 |       ||     3
       Kick              |    36 |       ||    36
  Use: Potion            |     2 |       ||     2
       Scroll            |     3 |       ||     3
 Stab: Sleeping          |     6 |       ||     6
  Eat: Beef jerky        |     1 |       ||     1
       Chunk             |     1 |       ||     1
Armor: Robe              |    16 |       ||    16
       Scale mail        |    36 |       ||    36
Dodge: Dodged            |    91 |       ||    91
Block: Buckler           |     2 |       ||     2
